Map: Apotheosis LE

Players

Gracz

  • Race: Protoss Protoss
  • League: Silver

Phoenix - Winner!

  • Race: Protoss Protoss
  • League: Bronze

VOD

Have the link to the VOD?

Description

Time

  • Played on: Sept. 30, 2016, 3:20 p.m.
  • Length: 8:28
Show
View Real Time Build Order
Export as new Build Order

Gracz Protoss 

Build Orders:  

Get SALT Encoding   

  12  0:01  Probe (Chrono Boost)  
  13  0:11  Probe (Chrono Boost)  
  14  0:19  Pylon  
  14  0:22  Probe (Chrono Boost)  
  15  0:41  Gateway  
  15  0:48  Gateway  
  15  0:54  Pylon  
  15  0:58  Probe (Chrono Boost)  
  16  1:08  Probe (Chrono Boost)  
  16  1:09  Assimilator  
  17  1:17  Assimilator  
  17  1:19  Probe (Chrono Boost)  
  17  1:22  Pylon  
  18  1:30  Probe (Chrono Boost)  
  19  1:41  Cybernetics Core  
  19  1:50  Probe (Chrono Boost)  
  20  1:56  Gateway  
  20  2:00  Probe (Chrono Boost)  
  21  2:04  Warp Gate  
  21  2:07  Gateway  
  21  2:29  Mothership Core (Chrono Boost)  
  23  2:31  Stalker  
  23  2:35  Stalker  
  27  2:43  Stalker  
  29  2:55  Stalker  
  31  3:30  Pylon  
  31  3:32  Nexus  
  32  3:42  Probe (Chrono Boost)  
  32  3:54  Stargate  
  32  3:55  Stargate  
  32  4:14  Stalker x2  
  37  4:31  Probe (Chrono Boost)  
  37  4:43  Probe (Chrono Boost)  
  37  4:45  Probe (Chrono Boost)  
  39  4:48  Stalker x2  
  43  4:55  Probe (Chrono Boost)  
  43  4:56  Probe (Chrono Boost)  
  43  4:58  Pylon  
  45  5:06  Probe (Chrono Boost)  
  47  5:08  Probe (Chrono Boost)  
  47  5:17  Probe (Chrono Boost)  
  47  5:20  Probe (Chrono Boost)  
  49  5:21  Void Ray  
  49  5:27  Probe (Chrono Boost)  
  49  5:28  Assimilator  
  54  5:31  Assimilator  
  54  5:32  Probe (Chrono Boost)  
  55  5:38  Probe (Chrono Boost)  
  55  5:39  Stalker  
  55  5:41  Sentry  
  61  5:44  Probe (Chrono Boost)  
  61  5:47  Sentry  
  63  5:58  Probe (Chrono Boost)  
  63  5:59  Probe (Chrono Boost)  
  63  6:03  Stalker x2  
  69  6:08  Probe (Chrono Boost)  
  70  6:20  Pylon  
  70  6:23  Twilight Council  
  70  6:30  Forge  
  70  6:31  Forge  
  70  6:32  Probe (Chrono Boost)  
  59  6:54  Stalker x2  
  59  6:55  Stalker  
  61  7:07  Pylon  
  60  7:11  Pylon  
  58  7:17  Stalker  
  60  7:24  Pylon  
  60  7:26  Pylon x2  
  60  7:30  Stalker x2  
  64  7:47  Stalker x2  
  42  8:20  Stalker  
  42  8:21  Zealot  
  42  8:22  Zealot x2  
Show
View Real Time Build Order
Export as new Build Order

Phoenix Protoss - Winner!

Build Orders:  

Get SALT Encoding   

  12  0:02  Probe (Chrono Boost)  
  13  0:13  Probe (Chrono Boost)  
  14  0:27  Pylon  
  14  0:30  Probe (Chrono Boost)  
  14  0:31  Assimilator  
  15  0:45  Probe (Chrono Boost)  
  16  0:55  Gateway  
  16  1:03  Assimilator  
  16  1:05  Probe (Chrono Boost)  
  17  1:16  Probe (Chrono Boost)  
  17  1:18  Pylon  
  18  1:27  Probe (Chrono Boost)  
  19  1:37  Probe (Chrono Boost)  
  20  1:44  Forge  
  20  1:46  Cybernetics Core  
  20  1:48  Probe (Chrono Boost)  
  21  1:55  Zealot  
  21  1:59  Probe (Chrono Boost)  
  24  2:08  Warp Gate  
  24  2:20  Protoss Ground Weapons Level 1  
  24  2:28  Probe (Chrono Boost)  
  25  2:43  Pylon  
  25  2:50  Nexus  
  25  3:13  Gateway  
  25  3:14  Gateway  
  25  3:20  Gateway  
  27  3:27  Sentry  
  27  3:38  Pylon  
  27  4:07  Probe (Chrono Boost)  
  27  4:09  Probe (Chrono Boost)  
  29  4:21  Probe (Chrono Boost)  
  30  4:24  Stalker  
  30  4:25  Stalker x2  
  30  4:26  Stalker  
  40  4:34  Mothership Core (Chrono Boost)  
  40  4:53  Pylon  
  40  4:56  Stalker  
  40  4:57  Sentry  
  40  4:59  Stalker  
  46  5:01  Sentry  
  48  5:27  Pylon  
  48  5:31  Pylon  
  48  5:36  Gateway  
  48  5:41  Gateway x2  
  48  5:47  Stalker  
  48  5:48  Stalker  
  52  5:50  Stalker  
  52  5:54  Probe (Chrono Boost)  
  52  5:55  Probe (Chrono Boost)  
  56  6:04  Assimilator  
  56  6:09  Stalker  
  58  6:11  Sentry  
  58  6:13  Zealot  
  56  6:52  Stalker x2  
  56  6:53  Stalker x2  
  60  7:24  Stalker x2  
  60  7:25  Stalker x2  
  60  7:27  Stalker  
  60  7:28  Stalker  
  60  7:29  Stalker  
  54  8:16  Stalker x2  
  54  8:17  Stalker x2  
  54  8:18  Stalker x2  
  62  8:20  Stalker  
Tags
 
Add a new tag
Caveats
  • Supply blocks, unpowered buildings, or Contaminate may cause inaccurate times.
  • Supply counts are checked every 10 seconds.